 Dungeon Crawl Stone Soup version 0.20.1-1-g8b1a95d (console) character file.

151480 hilaritas the Pacifist (level 17, -2/164 HPs)
             Began as a Deep Dwarf Fighter on Mar 22, 2018.
             Was an Elder of Elyvilon.
             Slain by a wolf spider (14 damage)
             ... on level 1 of the Spider Nest on Mar 24, 2018.
             The game lasted 02:10:44 (27143 turns).

hilaritas the Pacifist (Deep Dwarf Fighter)        Turns: 27143, Time: 02:10:45

Health: -2/164     AC: 27    Str: 25    XL:     17   Next: 1%
Magic:  7/7        EV:  9    Int: 13    God:    Elyvilon [****..]
Gold:   372        SH:  0    Dex: 12    Spells: 5/16 levels left

rFire    + + .     SeeInvis .   Q - +9 double sword (holy)
rCold    + . .     Gourm    .   c - +1 shield
rNeg     + + .     Faith    .   J - +3 plate armour {rPois}
rPois    +         Spirit   .   w - +1 hat {MR+}
rElec    .         Reflect  +   y - +0 cloak {rPois}
rCorr    +         Harm     .   B - +0 pair of gloves {archery}
MR       +++..                  S - +2 pair of boots
Stlth    ..........             z - +4 amulet of reflection
Regen    0.0/turn               e - ring "Nesophas" {*Drain rPois rF++ rC+ rN+}
MPRegen  0.1/turn               b - ring of resist corrosion

@: confused, non-regenerating, studying Fighting
A: damage resistance, heal wounds, thin metallic scales 1, clever 1, high mp 1,
negative energy resistance 1, sense surroundings 2, no regeneration
a: Heal Wounds, Lesser Healing, Heal Other, Purification, Greater Healing,
Divine Protection, Renounce Religion


You were on level 1 of the Spider Nest.
You worshipped Elyvilon.
Elyvilon was greatly pleased with you.
You were not hungry.

You visited 7 branches of the dungeon, and saw 30 of its levels.
You also visited: Labyrinth, Bailey, Ice Cave and Wizlab.

You collected 3057 gold pieces.
You spent 2685 gold pieces at shops.

Inventory:

Hand Weapons
 K - a +5 long sword
 Q - a +9 double sword of holy wrath (weapon)
 V - a +1 rapier of speed
Missiles
 o - 3 poisoned javelins
 N - 17 tomahawks of returning (quivered)
Armour
 c - a +1 shield (worn)
 w - a +1 hat of magic resistance (worn)
 y - a +0 cloak of poison resistance (worn)
 B - a +0 pair of gloves of archery (worn)
 J - a +3 plate armour of poison resistance (worn)
 S - a +2 pair of boots (worn)
Jewellery
 b - a ring of resist corrosion (right hand)
 e - the ring "Nesophas" (left hand) {*Drain rPois rF++ rC+ rN+}
   (You bought it in a shop on level 10 of the Dungeon)

   [ring of protection from cold]

   It greatly protects you from fire.
   It protects you from cold.
   It protects you from poison.
   It protects you from negative energy.
   It causes draining when unequipped.
 z - a +4 amulet of reflection (around neck)
 I - the ring of Ewnareg {rPois rF- rN++ Str+2 SInv}
   (You found it in a labyrinth)

   [ring of see invisible]

   It affects your strength (+2).
   It makes you vulnerable to fire.
   It protects you from poison.
   It greatly protects you from negative energy.
   It lets you see invisible.
 L - an uncursed ring of flight
Wands
 h - a wand of lightning (3/15)
 s - a wand of digging (11/24)
 u - a wand of flame (27/48)
 v - a wand of iceblast (13/15)
 M - a wand of acid (11/15)
 O - a wand of digging (16/24)
Scrolls
 a - 14 scrolls of remove curse
 i - 3 scrolls of enchant armour
 m - 3 scrolls of enchant weapon
 q - 16 scrolls of teleportation
 x - 10 scrolls of identify
 D - 2 scrolls of blinking
 F - 3 scrolls of fog
 G - 4 scrolls of fear
 Y - a scroll of silence
Potions
 d - 4 potions of might
 j - 5 potions of heal wounds
 k - 5 potions of mutation
 l - 2 potions of berserk rage
 r - 3 potions of curing
 t - 3 potions of flight
 A - 5 potions of resistance
 C - 4 potions of brilliance
 E - 2 potions of agility
 H - a potion of haste
 P - a potion of cancellation
 U - a potion of magic
Books
 n - a manual of Fighting
Miscellaneous
 g - a phial of floods
 R - a sack of spiders
 W - a lightning rod (4/4)
 X - a fan of gales
 Z - a lamp of fire
Comestibles
 f - 23 bread rations
 p - 16 meat rations
 T - a fruit


   Skills:
 * Level 13.5 Fighting
 - Level 15.5 Long Blades
 + Level 10.3 Armour
 - Level 5.0 Dodging
 - Level 15.0 Shields
 - Level 10.4 Ice Magic
 * Level 15.6 Invocations
 * Level 11.2 Evocations


You had 5 spell levels left.
You knew the following spells:

 Your Spells              Type           Power        Failure   Level  Hunger
a - Blink                 Tloc           N/A          99%         2    ###....
b - Summon Small Mammal   Summ           #...         97%         1    ##.....
c - Summon Ice Beast      Ice/Summ       ##......     98%         4    #####..
d - Freeze                Ice            ####         4%          1    ##.....
e - Swiftness             Chrm/Air       #.......     99%         2    ###....
f - Summon Butterflies    Summ           #.......     97%         1    ##.....


Dungeon Overview and Level Annotations

Branches:
Dungeon (15/15)            Temple (1/1) D:4            Lair (6/6) D:10
  Swamp (4/4) Lair:4       Spider (1/4) Lair:2        Slime (0/5) Lair:6
    Orc (2/2) D:12            Elf (1/3) Orc:2        Vaults (0/5) D:14
 Depths (0/5) D:15

Altars:
Ashenzari
Cheibriados
Dithmenos
Elyvilon
Fedhas
Gozag
Hepliaklqana
Kikubaaqudgha
Makhleb
Nemelex Xobeh
Okawaru
Qazlal
Ru
Sif Muna
Trog
Uskayaw
Vehumet
Xom
Yredelemnul
Zin
The Shining One
Jiyva

Shops:
D:7 =(?   D:10 *   D:12 (   Orc:2 !::[


Innate Abilities, Weirdness & Mutations

You are resistant to damage.
You can heal yourself by infusing magical energy.
You resist negative energy. (rN+)
You passively map the area around you.
You do not regenerate.
You are partially covered in thin metallic scales. (AC +2)
Your mind is acute. (Int +2)
You have an increased reservoir of magic. (+10% MP)


Message History

The tarantella bites you but does no damage.
The redback barely misses you. The demonic crawler barely misses you.
The demonic crawler hits you but does no damage. x2
The tarantella bites you but does no damage.
The redback barely misses you. The wolf spider hits you!
* * * LOW HITPOINT WARNING * * *
The wolf spider bites you but does no damage.
The jumping spider pounces on you but does no damage.
The jumping spider bites you but does no damage.
The wolf spider hits you but does no damage.
The wolf spider closely misses you.
You slice the wolf spider!!
You kill the wolf spider!
The tarantella bites you but does no damage.
The redback barely misses you. The redback bites you.
* * * LOW HITPOINT WARNING * * *
The tarantella bites you but does no damage.
The demonic crawler hits you but does no damage. x3
The wolf spider hits you!
You die...

, , , , ,, , , ,
, , ,, , ,, ,, ,
,, , , ,,, , ,
............... ,
,
,...............
, , ,
...............
,, , ,
.....$.....s... ,
, ..........s....
,,*,
............... ,
..>...sss......,,
, ,
......s@s......
,, , , * ,
,,..?..^sss......
, ,
,,.......s..s....
, , , ,
...............,
, ,
............s.. ,
, , ,
..ยง............
, ,
............... ,
, ............?..
, , , ,, , ,, *
,,,,, , , , ,, ,,
, , , ,, , ,


You could see 2 demonic crawlers, a wolf spider, 2 orb spiders, 2 jumping
spiders, 4 tarantellas and 2 redbacks.

Vanquished Creatures
  An ancient lich (WizLab)
  An ancient champion (WizLab)
  The ghost of hilaritas the Peltast, a journeyman DDBe of Trog (Orc:2)
  Aizul (Swamp:3)
  A deep elf demonologist (Elf:1)
  The ghost of simples the Fighter, a journeyman HuBe of Trog (Orc:2)
  A minotaur (Lab)
  An ettin (Orc:1)
  A fire dragon (D:15)
  A deep elf high priest (Elf:1)
  An ice dragon (D:15)
  9 hydras
  2 catoblepae (Lair:6)
  3 ghost crabs
  5 centaur warriors
  4 death yaks (Lair:6)
  10 alligators
  A death knight (D:13)
  11 two-headed ogres
  An ogre mage (D:15)
  Urug (D:11)
  5 deep elf knights (Elf:1)
  7 skeletal warriors (WizLab)
  Nergalle (Lair:4)
  12 swamp dragons
  An unseen horror (D:12)
  4 deep elf archers (Elf:1)
  A shambling mangrove (Swamp:2)
  A wolf spider zombie (D:15)
  A necromancer (IceCv)
  7 orc knights
  18 deep elf magi (Elf:1)
  6 lindwurms
  3 oklob plants (Lair:5)
  2 orb spiders (Lair:2)
  A cyclops (D:11)
  5 ugly things
  3 manticores
  2 wolf spiders
  A black mamba (Lair:6)
  3 ice statues (IceCv)
  Psyche (D:9)
  16 spiny frogs
  6 rime drakes
  3 gargoyles
  A demonic crawler (Spider:1)
  A freezing wraith (D:15)
  5 komodo dragons
  A tengu conjurer (D:15)
  5 ice devils (IceCv)
  A troll (shapeshifter) (Elf:1)
  A troll (D:10)
  A jumping spider (Lair:2)
  2 polar bears
  9 hornets
  10 slime creatures
  9 bog bodies
  6 tyrant leeches
  5 blink frogs (Lair:2)
  8 hippogriffs
  7 dream sheep (Lair:5)
  3 shadows
  6 vampires
  2 redbacks
  5 spriggans
  A wraith (D:15)
  A tarantella (Spider:1)
  4 basilisks
  40 yaks
  12 wyverns
  2 steam dragons
  16 humans
  3 hungry ghosts
  5 wargs
  10 vampire mosquitoes
  18 swamp worms
  A soldier ant (D:12)
  4 insubstantial wisps (Swamp:2)
  An acid dragon (D:11)
  12 water moccasins
  11 porcupines
  14 swamp drakes
  A necrophage (D:14)
  3 sky beasts
  2 black bears
  40 orc warriors
  11 ice beasts
  12 ogres
  3 phantoms
  13 wolves
  15 centaurs
  A big kobold (D:13)
  14 crocodiles
  16 bullfrogs
  3 wyvern zombies
  A gnoll sergeant (D:8)
  6 scorpions
  A hornet simulacrum (D:14)
  4 killer bees (D:8)
  24 wights
  8 troll zombies (WizLab)
  A vampire bat (D:13)
  A howler monkey (D:4)
  2 electric eels (Lair:5)
  7 crimson imps
  2 draconian simulacra (IceCv)
  3 centaur zombies
  6 hounds
  A quasit (D:8)
  2 bullfrog skeletons
  Crazy Yiuf (D:3)
  2 centaur skeletons
  5 jellies
  10 orc priests
  21 orc wizards
  A gnoll shaman (D:5)
  5 iguanas
  9 worker ants
  4 troll simulacra (IceCv)
  6 ogre zombies (WizLab)
  2 hound skeletons
  12 adders
  A worker ant zombie (D:7)
  10 gnolls
  3 howler monkey skeletons
  4 naga simulacra (IceCv)
  3 shadow imps
  An adder skeleton (D:9)
  2 worms
  5 leopard geckos
  95 orcs
  3 ball pythons
  10 bats
  7 giant cockroaches
  11 hobgoblins
  6 jackals
  13 kobolds
  4 quokkas
  6 frilled lizards
  19 goblins
  2 leopard gecko skeletons (D:4)
  A quokka skeleton (D:4)
  A quokka zombie (D:9)
  4 rats
  2 plants
905 creatures vanquished.

Vanquished Creatures (others)
  Nessos (D:12)
  2 death yaks (Lair:6)
  A spriggan druid (Swamp:4)
  A deep elf mage (Elf:1)
  A cyclops (D:15)
  A centaur zombie (D:14)
  A rime drake (D:10)
  A tyrant leech (Lair:4)
  A polar bear (D:10)
  A hippogriff (Lair:6)
  A wyvern (Lair:5)
  4 yaks (Lair:6)
  3 water moccasins
  A swamp drake (Swamp:4)
  6 orc warriors (Orc:2)
  An ice beast (D:10)
  7 centaurs
  A crocodile (Lair:6)
  A jelly (D:11)
  A worker ant (D:11)
  5 orcs (Orc:2)
  11 kobolds (Bailey)
  25 fungi
  13 plants
91 creatures vanquished.

Grand Total: 996 creatures vanquished

Notes
Turn   | Place    | Note
-------+----------+-------------------------------------------
     0 | D:1      | hilaritas the Deep Dwarf Fighter began the quest for the Orb.
     0 | D:1      | Reached XP level 1. HP: 20/20 MP: 1/1
   132 | D:1      | Reached XP level 2. HP: 20/27 MP: 2/2
   979 | D:2      | Reached XP level 3. HP: 22/33 MP: 3/3
  1134 | D:2      | Found a radiant altar of Vehumet.
  1698 | D:2      | Found a shadowy altar of Dithmenos.
  1863 | D:3      | Found a deep blue altar of Sif Muna.
  1905 | D:3      | Reached XP level 4. HP: 18/40 MP: 4/4
  1921 | D:3      | Found a runed door.
  2505 | D:3      | Noticed Crazy Yiuf
  2509 | D:3      | HP: 1/40 [Crazy Yiuf/quarterstaff of chaos (9)]
  2512 | D:3      | Killed Crazy Yiuf
  2527 | D:3      | Gained mutation: You are partially covered in thin metallic scales. (AC +2) [potion of mutation]
  2527 | D:3      | Gained mutation: Your mind is acute. (Int +2) [potion of mutation]
  2527 | D:3      | Gained mutation: You have an increased reservoir of magic. (+10% MP) [potion of mutation]
  2577 | D:4      | Reached XP level 5. HP: 28/48 MP: 5/5
  2615 | D:4      | Found a glowing golden altar of the Shining One.
  2630 | D:4      | Became a worshipper of the Shining One
  2634 | D:4      | Noticed an ogre
  2644 | D:4      | Killed an ogre
  2644 | D:4      | Reached skill level 5 in Long Blades
  2644 | D:4      | Reached skill level 1 in Invocations
  2734 | D:4      | Reached XP level 6. HP: 41/56 MP: 6/6
  2811 | D:4      | Found a staircase to the Ecumenical Temple.
  2817 | Temple   | Entered the Ecumenical Temple
  3244 | D:5      | Entered Level 5 of the Dungeon
  3245 | D:5      | Found a shimmering altar of Xom.
  3292 | D:5      | Reached XP level 7. HP: 55/62 MP: 8/8
  3662 | D:5      | Learned a level 2 spell: Blink
  3965 | D:5      | Reached * piety under the Shining One
  4003 | D:5      | Reached XP level 8. HP: 25/72 MP: 10/10
  4119 | D:5      | Found a white marble altar of Elyvilon.
  4124 | D:5      | Fell from the grace of the Shining One
  4124 | D:5      | Became a worshipper of Elyvilon the Healer
  4198 | D:5      | Reached skill level 5 in Shields
  4623 | D:6      | Found a sparkling altar of Nemelex Xobeh.
  4855 | D:6      | Reached * piety under Elyvilon
  4876 | D:7      | Found Bisaiv's Magic Scroll Boutique.
  4883 | D:7      | Bought a scroll of magic mapping for 42 gold pieces
  4883 | D:7      | Bought a scroll of fear for 42 gold pieces
  4891 | D:7      | Noticed a hippogriff
  4905 | D:7      | Killed a hippogriff
  4988 | D:7      | Found Ycicke's Antique Weapon Boutique.
  5018 | D:7      | Bought a glowing falchion for 150 gold pieces
  5203 | D:7      | Gained mutation: You passively map the area around you. [Deep Dwarf growth]
  5203 | D:7      | Reached XP level 9. HP: 47/78 MP: 10/10
  5304 | D:7      | Reached skill level 5 in Invocations
  5465 | D:7      | Found Fukirawk's Jewellery Shoppe.
  5533 | D:7      | Reached skill level 10 in Long Blades
  5588 | D:7      | Reached ** piety under Elyvilon
  5590 | D:7      | Found a stormy altar of Qazlal.
  5935 | D:8      | Found an opulent altar of Gozag.
  6134 | D:8      | Found an ancient bone altar of Kikubaaqudgha.
  6211 | D:8      | HP: 7/80 [orc warrior/mace (10)]
  6216 | D:8      | Reached skill level 5 in Fighting
  6706 | D:9      | HP: 6/82 [yak (6)]
  6708 | D:9      | Reached XP level 10. HP: 6/91 MP: 12/12
  6745 | D:9      | HP: 7/91 [yak (5)]
  6866 | D:9      | Reached *** piety under Elyvilon
  7001 | D:9      | Noticed an eight-headed hydra
  7003 | D:9      | Noticed Psyche
  7035 | D:9      | Killed an eight-headed hydra
  7053 | D:9      | Killed Psyche
  7204 | D:9      | Noticed a two-headed ogre
  7209 | D:9      | Killed a two-headed ogre
  7209 | D:9      | Reached skill level 10 in Shields
  7503 | D:9      | Learned a level 1 spell: Summon Small Mammal
  7570 | D:10     | Entered Level 10 of the Dungeon
  7600 | D:10     | Noticed an ice dragon
  7606 | D:10     | Pacified an ice dragon
  7661 | D:10     | Learned a level 4 spell: Summon Ice Beast
  7695 | D:10     | Reached skill level 1 in Ice Magic
  7717 | D:10     | Identified a scroll of acquirement
  7751 | D:10     | Noticed a brown ugly thing
  7768 | D:10     | Killed a brown ugly thing
  7768 | D:10     | Reached XP level 11. HP: 94/103 MP: 12/12
  7793 | D:10     | Reached **** piety under Elyvilon
  7956 | D:10     | Found a staircase to the Lair.
  7996 | D:10     | Found Xuochi's General Store.
  8291 | D:10     | Noticed a centaur warrior
  8304 | D:10     | Killed a centaur warrior
  8678 | D:11     | Noticed a red ugly thing
  8694 | D:11     | Killed a red ugly thing
  8937 | D:11     | Noticed Urug
  8950 | D:11     | Killed Urug
  9005 | D:11     | Noticed Grum
  9019 | D:11     | Pacified Grum
  9030 | D:11     | Reached skill level 10 in Fighting
  9284 | D:11     | Noticed a two-headed ogre
  9291 | D:11     | Killed a two-headed ogre
  9305 | D:11     | Reached skill level 5 in Ice Magic
  9672 | D:12     | Reached XP level 12. HP: 90/116 MP: 11/11
  9684 | D:12     | Found Ixko Nyff's Weapon Shoppe.
  9695 | D:12     | Found a staircase to the Orcish Mines.
  9988 | D:12     | Reached skill level 10 in Invocations
 10397 | D:12     | Noticed a two-headed ogre
 10409 | D:12     | Killed a two-headed ogre
 10474 | D:12     | Noticed Nessos
 10490 | D:12     | Killed Nessos
 10652 | Lair:1   | Entered Level 1 of the Lair of Beasts
 10845 | Lair:1   | Found a frozen archway.
 10959 | IceCv    | Entered an ice cave
 11753 | D:10     | Bought the ring "Nesophas" {*Drain rPois rF++ rC+ rN+} for 575 gold pieces
 12501 | Lair:2   | Found a hole to the Spider Nest.
 12517 | Lair:2   | Reached XP level 13. HP: 67/123 MP: 13/13
 13570 | Lair:3   | Reached skill level 15 in Shields
 13756 | Lair:3   | Reached skill level 1 in Evocations
 14703 | Lair:4   | Found a staircase to the Swamp.
 14907 | Lair:4   | Noticed Nergalle
 14918 | Lair:4   | Killed Nergalle
 15366 | Lair:5   | Reached skill level 1 in Dodging
 15837 | Lair:5   | Reached skill level 5 in Evocations
 16357 | Lair:6   | Entered Level 6 of the Lair of Beasts
 16401 | Lair:6   | Found a staircase to the Slime Pits.
 16402 | Lair:6   | Found a viscous altar of Jiyva.
 16522 | Lair:6   | Reached skill level 5 in Armour
 16898 | Lair:6   | Gained mutation: You resist negative energy. (rN+) [Deep Dwarf growth]
 16898 | Lair:6   | Reached XP level 14. HP: 20/132 MP: 14/14
 16934 | Lair:6   | HP: 13/132 [manticore (4)]
 16935 | Lair:6   | HP: 5/132 [manticore (5)]
 17078 | Lair:6   | Reached skill level 10 in Ice Magic
 17395 | Lair:6   | Learned a level 1 spell: Freeze
 18383 | D:13     | Found a flagged portal.
 18402 | Bailey   | Entered a bailey
 19098 | D:14     | Found a gate to the Vaults.
 19239 | D:14     | Reached skill level 10 in Armour
 19249 | D:14     | HP: 9/132 [green ugly thing (5)]
 19435 | D:14     | Found a labyrinth entrance.
 19444 | Lab      | Entered a labyrinth
 19743 | Lab      | Learned a level 2 spell: Swiftness
 19762 | Lab      | Got a coiled silver ring
 19764 | Lab      | Identified the ring of Ewnareg {rPois rF- rN++ Str+2 SInv} (You found it in a labyrinth)
 19770 | Lab      | Got a brightly glowing falchion
 19771 | Lab      | Identified the +9 falchion "Jellybane" {pain, rC+ Str+3 Stlth+} (You found it in a labyrinth)
 19943 | D:14     | Reached skill level 5 in Dodging
 20355 | D:15     | Entered Level 15 of the Dungeon
 20532 | D:15     | Found a staircase to the Depths.
 20800 | D:15     | Reached XP level 15. HP: 99/138 MP: 10/10
 21366 | Orc:1    | Entered Level 1 of the Orcish Mines
 21544 | Orc:2    | Entered Level 2 of the Orcish Mines
 21662 | Orc:2    | Noticed simples's ghost (journeyman HuBe)
 21678 | Orc:2    | Killed simples's ghost
 21805 | Orc:2    | Found a staircase to the Elven Halls.
 22390 | Orc:2    | Noticed hilaritas's ghost (journeyman DDBe)
 22411 | Orc:2    | Killed hilaritas's ghost
 22422 | Orc:2    | Found Taselufa's Book Shoppe.
 22422 | Orc:2    | Found Ymaat's Book Shop.
 22424 | Orc:2    | Found Gonkoch's Distillery.
 22426 | Orc:2    | Found Semor's Armour Emporium.
 22633 | Elf:1    | Entered Level 1 of the Elven Halls
 22736 | Elf:1    | Identified the Handbook of Creation
 22801 | Elf:1    | Noticed an Ice Fiend
 22838 | Elf:1    | HP: 13/138 [deep elf knight/orb of energy (10)]
 22940 | Elf:1    | HP: 3/138 [deep elf archer/arrow (18)]
 23267 | Elf:1    | Found a magical portal.
 23272 | WizLab   | Entered Zonguldrok's Shrine
 23451 | WizLab   | Noticed an ancient champion
 23462 | WizLab   | HP: 11/138 [ancient champion/iron shot (53)]
 23467 | WizLab   | Killed an ancient champion
 23467 | WizLab   | Reached skill level 15 in Invocations
 23470 | WizLab   | HP: 10/138 [skeletal warrior/trident (3)]
 23478 | WizLab   | Reached skill level 10 in Evocations
 23506 | WizLab   | Noticed an antique lich
 23513 | WizLab   | Elyvilon protects you from harm!
 23516 | WizLab   | Killed an antique lich
 23529 | WizLab   | Learned a level 1 spell: Summon Butterflies
 23590 | WizLab   | Reached XP level 16. HP: 64/146 MP: 9/9
 24096 | Orc:2    | Bought a manual of Fighting for 1876 gold pieces
 24304 | Swamp:1  | Entered Level 1 of the Swamp
 24383 | Swamp:1  | HP: 5/146 [titanic slime creature (64)]
 25509 | Swamp:2  | Reached skill level 15 in Long Blades
 25917 | Swamp:3  | Got a polished plate armour
 25928 | Swamp:3  | Identified the +1 plate armour "Xuluwneo" {Str+5 Dex-5} (You found it on level 3 of the Swamp)
 26162 | Swamp:3  | Noticed Aizul
 26212 | Swamp:3  | Killed Aizul
 26621 | Swamp:4  | Entered Level 4 of the Swamp
 26859 | Swamp:4  | HP: 8/156 [spriggan druid/angry trees (11)]
 27096 | Spider:1 | Entered Level 1 of the Spider Nest
 27137 | Spider:1 | Reached XP level 17. HP: 26/164 MP: 7/7
 27142 | Spider:1 | HP: 14/164 [wolf spider (11)]
 27143 | Spider:1 | Slain by a wolf spider

Skill      XL: |  1  2  3  4  5  6  7  8  9 10 11 12 13 14 15 16 |
---------------+-------------------------------------------------+-----
Long Blades    | 3 4 5 6 7 9 10 13 15 | 15.5
Shields        | 4 5 8 10 11 14 15 | 15.0
Fighting       | 3 4 5 8 10 13 | 13.5
Invocations    | 1 2 3 4 7 8 9 11 13 14 15 | 15.6
Ice Magic      | 1 5 7 9 10 | 10.4
Evocations     | 5 7 10 11 | 11.2
Dodging        | 3 5 |  5.0
Armour         | 6 10 | 10.3

Action                   |  1- 3 |  4- 6 |  7- 9 | 10-12 | 13-15 | 16-18 || total
-------------------------+-------+-------+-------+-------+-------+-------++-------
Melee: Long sword        |   144 |   144 |   582 |   177 |       |       ||  1047
       Double sword      |       |       |       |   673 |  1576 |   564 ||  2813
       Dagger            |       |       |       |     8 |       |       ||     8
       Great sword       |       |       |       |    10 |       |       ||    10
       Rapier            |       |       |       |       |       |    84 ||    84
Throw: Javelin           |       |     2 |     7 |    13 |    27 |       ||    49
       Tomahawk          |       |       |       |       |     5 |     1 ||     6
Invok: Lesser Healing    |       |       |     1 |       |       |       ||     1
       Heal Other        |       |       |       |     3 |    18 |     3 ||    24
       Greater Healing   |       |       |       |    16 |    41 |    11 ||    68
 Abil: Heal Wounds       |       |     4 |     8 |    27 |    30 |    12 ||    81
Evoke: Wand              |       |       |       |       |     3 |       ||     3
  Use: Scroll            |     8 |     3 |     5 |    14 |    15 |     4 ||    49
       Potion            |       |     1 |       |     3 |     5 |     7 ||    16
  Eat: Chunk             |    12 |     1 |     8 |    22 |    51 |     3 ||    97
       Fruit             |       |       |       |     5 |     6 |    17 ||    28
       Royal jelly       |       |       |       |     1 |     1 |     1 ||     3
       Bread ration      |       |       |       |     1 |       |       ||     1
Armor: Scale mail        |    52 |    22 |       |       |       |       ||    74
       Plate armour      |       |    29 |   285 |   321 |   613 |   419 ||  1667
Dodge: Dodged            |    34 |    30 |    97 |   142 |   381 |   207 ||   891
Block: Shield            |    68 |    71 |   402 |   546 |  1382 |   529 ||  2998
       Reflection        |       |     2 |    12 |    29 |   172 |     5 ||   220
       Other             |       |       |       |     4 |       |       ||     4
       Rpst.: Long sword |    13 |    11 |    21 |     8 |       |       ||    53
       Double sword      |       |       |       |    29 |    98 |    32 ||   159
       Great sword       |       |       |       |     1 |       |       ||     1
